 Dungeon Crawl Stone Soup version 0.29-a0-925-g0a7a3d12f8 (webtiles) character file.

Game seed: 10641044882087942446

37 quixfox the Digger (level 3, -3/19 HPs)
             Began as a Gargoyle Earth Elementalist on July 29, 2022.
             Slain by a gnoll
             ... wielding a +0 halberd
              (14 damage)
             ... on level 2 of the Dungeon.
             The game lasted 00:01:39 (1093 turns).

quixfox the Digger (Gargoyle Earth Elementalist)    Turns: 1093, Time: 00:01:40

Health: -3/19      AC:  6    Str: 11    XL:     3   Next: 39%
Magic:  3/7        EV: 11    Int: 17    God:
Gold:   110        SH:  0    Dex: 10    Spells: 1/7 levels left

rFire   . . .      SeeInvis .   i - +0 mace
rCold   . . .      Faith    .   (no shield)
rNeg    + . .      Spirit   .   a - +0 robe
rPois   ∞          Reflect  .   (no helmet)
rElec   +          Harm     .   (no cloak)
rCorr   .          Rampage  .   (no gloves)
Will    .....                   e - +0 pair of boots
Stlth   ++........              (no amulet)
HPRegen 0.06/turn               (no ring)
MPRegen 0.10/turn               (no ring)

@: no status effects
A: sickness immunity, AC +3, negative energy resistance 1, electricity
resistance, torment resistance 1, petrification resistance
a: no special abilities


You were on level 2 of the Dungeon.
You visited 1 branch of the dungeon, and saw 2 of its levels.

You collected 110 gold pieces.

Inventory:

Hand Weapons
 i - a +0 mace (weapon)
Armour
 a - a +0 robe (worn)
 e - a +0 pair of boots (worn)
Scrolls
 c - a scroll of immolation {unknown}
 f - 2 scrolls of blinking {unknown}
 h - a scroll of enchant weapon {unknown}
Potions
 b - a potion of magic
 d - a potion of attraction {unknown}
 g - a potion of curing {unknown}


   Skills:
 - Level 1.5 Dodging
 - Level 2.1 Stealth
 + Level 2.7 Spellcasting
 + Level 0.5 Conjurations
 - Level 0.7 Transmutations
 + Level 4.4 Earth Magic


You had one spell level left.
You knew the following spells:

 Your Spells              Type           Power      Damage    Failure   Level
a - Sandblast             Erth           34%        2d9       2%          1
b - Passwall              Tmut/Erth      9%         N/A       10%         2
c - Stone Arrow           Conj/Erth      20%        3d8       19%         3

Your spell library contained the following spells:

 Spells                   Type           Power      Damage    Failure   Level
 Petrify                  Tmut/Erth      11%        N/A       52%         4


Dungeon Overview and Level Annotations

Branches:
Dungeon (2/15)

Altars:

Shops:
D:1 *


Innate Abilities, Weirdness & Mutations

You are immune to sickness and miasma.
Your stone body is resilient. (AC +3)
You are immune to poison.
You resist negative energy. (rN+)
You are resistant to electric shocks. (rElec)
You are resistant to unholy torment.
You are immune to petrification.


Message History

A bat is nearby!
You can't see any susceptible monsters within range! (Use Z to cast anyway.)
The blast of sand hits the bat.
The bat is heavily wounded.
The bat closely misses you. x2
The blast of sand hits the bat!
You kill the bat!
Magic restored.
A rat comes into view.
Found a stone staircase leading down.
The blast of sand hits the rat!
You kill the rat!
You see here a rat corpse.
You now have 110 gold pieces (gained 14).
You open the door.
There is an open door here.
You open the door. 2 gnolls come into view.
The gnoll shouts! x2
An adder comes into view.
You hear an angry hiss.
The blast of sand hits the gnoll.
The gnoll is moderately wounded.
The gnoll barely misses you.
A gnoll comes into view. It is wielding a +0 club.
The gnoll closely misses you.
The blast of sand hits the gnoll.
The gnoll is heavily wounded.
The gnoll shouts!
The gnoll misses you.
The gnoll hits you from afar with a +0 spear.
The blast of sand hits the gnoll!
You kill the gnoll!
The adder bites you.
The blast of sand hits the adder!
The adder is almost dead.
The adder closely misses you. The adder bites you but does no damage.
The gnoll hits you from afar with a +0 halberd!
Ouch! That really hurt!
You die...

#####################
....................#
##..###########.....#
#..# #.....#
#..####### #.....#
##......#.#####.....#
.#.####.#.....<.@...#
.....##.#.######S####
.#.#.##.#.#....#g#
.#.#[##.#[..##.#g#
..................
##.##.#........#..
#.##.######.###..
#..... ...#...
####.## #.#


You could see 2 gnolls and an adder.

Vanquished Creatures
  A gnoll (D:2)
  2 dart slugs (D:1)
  A ball python (D:1)
  4 goblins (D:1)
  5 hobgoblins (D:1)
  3 bats
  2 frilled lizards (D:1)
  2 kobolds (D:1)
  3 rats
23 creatures vanquished.

Notes
Turn   | Place    | Note
-------+----------+-------------------------------------------
     0 | D:1      | quixfox the Gargoyle Earth Elementalist began the quest for
                  | the Orb.
     0 | D:1      | Reached XP level 1. HP: 10/10 MP: 3/3
   299 | D:1      | Reached XP level 2. HP: 15/15 MP: 3/5
   301 | D:1      | Reached skill level 4 in Earth Magic
   571 | D:1      | Found Saejiy's General Store.
   708 | D:1      | Reached XP level 3. HP: 19/19 MP: 3/6
   711 | D:1      | Learned a level 2 spell: Passwall
   715 | D:1      | Learned a level 3 spell: Stone Arrow
  1093 | D:2      | Slain by a gnoll

Illustrated notes

Levels and vault maps discovered:
D:1:      dpeg_arrival_morbid_curiosity, layout_loops_ring, serial_shops,
          shop_statue, ebering_ecumenical_altar_mist, minivault_26,
          minmay_hexomino_r4
D:2:      layout_basic

Skill      XL: |  1  2 |
---------------+-------+-----
Earth Magic    | 4 |  4.4
Dodging        | |  1.5
Stealth        | |  2.1
Spellcasting   | |  2.7
Conjurations   | |  0.5
Transmutations | |  0.7

Action                   || total
-------------------------++-------
Melee: Unarmed           ||     9
 Cast: Sandblast         ||    33
Armor: Robe              ||     4
Dodge: Dodged            ||    23

Table legend: (Time is in decaauts)
 A = Elapsed time spent in this place.
 B = Non-inter-level travel time spent in this place.
 C = Inter-level travel time spent in this place.
 D = Time resting spent in this place.
 E = Time spent auto-exploring this place.
 F = Levels seen in this place.
 G = Mean time per level.
                   A        B        C        D        E       F      G
               +--------+--------+--------+--------+--------+-----+--------+
         Total |   1123 |   1081 |     42 |     21 |    900 |   2 |  561.5 |
       Dungeon |   1123 |   1081 |     42 |     21 |    900 |   2 |  561.5 |
               +--------+--------+--------+--------+--------+-----+--------+

Top non-repeatable levels by time:
     D:1: 966 daAuts
     D:2: 157 daAuts
